 Dungeon Crawl Stone Soup version 0.26.0-10-g1f06aea511 (webtiles) character file.

Game seed: 18248466119306686842

145607 raph the Earth Mage (level 16, -15/88 HPs)
             Began as a Deep Elf Earth Elementalist on Feb 8, 2021.
             Was the Champion of Zin.
             Killed from afar by a thorn hunter (39 damage)
             ... with a volley of thorns
             ... on level 3 of the Swamp.
             The game lasted 02:20:50 (56286 turns).

raph the Earth Mage (Deep Elf Earth Elementalist)  Turns: 56286, Time: 02:20:53

Health: -15/88     AC: 21    Str:  6    XL:     16   Next: 87%
Magic:  29/33      EV: 22    Int: 27    God:    Zin [******]
Gold:   610        SH:  8    Dex: 21    Spells: 1/37 levels left

rFire    . . .     SeeInvis .   a - +9 short sword (vorpal)
rCold    . . .     Faith    .   Y - +2 buckler
rNeg     . . .     Spirit   .   F - +1 acid dragon scales
rPois    +         Reflect  .   d - +2 helmet
rElec    .         Harm     .   S - +2 cloak {Stlth+}
rCorr    +         Rampage  .   n - +2 pair of gloves of Iloall Gikui {Dex+6}
Will     +....                  R - +1 pair of boots
Stlth    ++++......             W - amulet of regeneration
HPRegen  0.64/turn              s - +4 ring of evasion
MPRegen  0.23/turn              L - ring of poison resistance

@: no status effects
A: no striking features
a: Renounce Religion, Recite, Vitalisation, Imprison, Sanctuary, Donate Gold


You were on level 3 of the Swamp.
You worshipped Zin.
Zin was exalted by your worship.
You visited 4 branches of the dungeon, and saw 26 of its levels.

You collected 2603 gold pieces.
You spent 1659 gold pieces at shops.
You donated 334 gold pieces to Zin.

Inventory:

Hand Weapons
 a - a +9 vorpal short sword (weapon)
 y - a +2 short sword of speed
 G - a +2 short sword of holy wrath
Missiles
 e - 15 javelins
 f - 334 stones
 g - 128 poisoned darts
Armour
 d - a +2 helmet (worn)
 n - the +2 pair of gloves of Iloall Gikui (worn) {Dex+6}
   (You found it on level 6 of the Lair of Beasts)

   It affects your dexterity (+6).
 E - a +2 robe of fire resistance
 F - +1 acid dragon scales (worn)
 R - a +1 pair of boots (worn)
 S - a +2 cloak of stealth (worn)
 Y - a +2 buckler (worn)
Magical Staves
 b - an uncursed staff of earth
 o - an uncursed staff of fire
Jewellery
 j - an uncursed ring of fire
 s - a +4 ring of evasion (left hand)
 L - a ring of poison resistance (right hand)
 P - an uncursed ring of see invisible
 T - a +4 ring of protection
 W - an amulet of regeneration (around neck)
 Z - an uncursed ring of stealth
Wands
 c - a wand of disintegration (1)
 l - a wand of iceblast (24)
 u - a wand of paralysis (21)
 x - a wand of flame (96)
 H - a wand of acid (18)
 U - a wand of enslavement (10)
 X - a wand of digging (5)
Scrolls
 p - 8 scrolls of identify
 r - 10 scrolls of teleportation
 v - 11 scrolls of remove curse
 B - 6 scrolls of magic mapping
 I - a scroll of summoning
 K - 3 scrolls of fog
 M - 6 scrolls of enchant weapon
 N - 2 scrolls of brand weapon
 O - 8 scrolls of amnesia
 Q - 3 scrolls of fear
Potions
 h - 4 potions of resistance
 i - 3 potions of haste
 k - 4 potions of might
 m - 11 potions of curing
 q - a potion of berserk rage
 t - a potion of heal wounds
 w - 10 potions of ambrosia
 A - 3 potions of magic
 C - 6 potions of flight
 D - 3 potions of brilliance
Miscellaneous
 z - a phial of floods
 J - a lightning rod (4/4)


   Skills:
 - Level 5.8 Fighting
 - Level 12.0 Short Blades
 - Level 7.4 Armour
 - Level 10.0 Dodging
 - Level 9.6 Stealth
 - Level 4.0 Shields
 + Level 11.4 Spellcasting
 * Level 10.3 Conjurations
 - Level 6.4 Hexes
 - Level 3.1 Translocations
 - Level 1.1 Transmutations
 + Level 12.3 Ice Magic
 * Level 15.0 Earth Magic
 - Level 9.0 Invocations


You had one spell level left.
You knew the following spells:

 Your Spells              Type           Power        Failure   Level
a - Sandblast             Erth           100%         0%          1
b - Passwall              Tmut/Erth      46%          1%          2
c - Stone Arrow           Conj/Erth      100%         1%          3
d - Lee's Rapid Deconstr  Erth           38%          1%          5
e - Dazzling Flash        Conj/Hex       100%         1%          3
f - Metabolic Englaciati  Hex/Ice        30%          3%          5
g - Frozen Ramparts       Ice            100%         1%          3
h - Ozocubu's Armour      Ice            70%          1%          3
i - Tukima's Dance        Hex            50%          1%          3
j - Blink                 Tloc           N/A          2%          2
z - Iron Shot             Conj/Erth      35%          5%          6

Your spell library contained the following spells:

 Spells                   Type           Power        Failure   Level
 Corona                   Hex            55%          1%          1
 Freeze                   Ice            100%         1%          1
 Ensorcelled Hibernation  Hex/Ice        100%         1%          2
 Slow                     Hex            50%          1%          2
 Confusing Touch          Hex            50%          1%          3
 Hailstorm                Conj/Ice       67%          1%          4
 Leda's Liquefaction      Hex/Erth       32%          1%          4
 Conjure Flame            Conj/Fire      43%          2%          3
 Portal Projectile        Hex/Tloc       82%          2%          3
 Petrify                  Tmut/Erth      56%          2%          4
 Iskenderun's Battlesphe  Conj           63%          2%          5
 Cause Fear               Hex            25%          4%          4
 Gell's Gravitas          Tloc           16%          5%          3
 Inner Flame              Hex/Fire       32%          5%          3
 Lesser Beckoning         Tloc           16%          5%          3
 Teleport Other           Tloc           32%          5%          3
 Summon Ice Beast         Ice/Summ       48%          5%          4
 Bolt of Magma            Conj/Fire/Erth 28%          6%          5
 Passage of Golubria      Tloc           N/A          19%         4
 Fireball                 Conj/Fire      21%          22%         5
 Yara's Violent Unravell  Hex/Tmut       17%          36%         5
 Freezing Cloud           Conj/Ice/Air   27%          41%         6
 Orb of Destruction       Conj           31%          63%         7
 Spellforged Servitor     Conj/Summ      21%          100%        7


Dungeon Overview and Level Annotations

Branches:
Dungeon (15/15)            Temple (0/1) D:7            Lair (6/6) D:10
  Swamp (3/4) Lair:4        Snake (0/4) Lair:3        Slime (0/5) Lair:5
    Orc (2/2) D:9             Elf (0/3) Orc:2        Vaults (0/5) D:14
 Depths (0/5) D:15

Altars:
Cheibriados
Qazlal
Ru
Sif Muna
Wu Jian
Xom
Zin
The Shining One
Beogh
Lugonu

Shops:
D:4 [}   D:8 :   D:14 *   Orc:2 }?[(

Portals:
Abyss: D:9
Trove: D:10 (give 5 scrolls of blinking)

Annotations:
Lair:4 3 runed translucent doors, Laummuim's ghost, journeyman FeFi
Lair:6 exclusion: 4 oklob plants


Message History

A thorn hunter is nearby!
You enter the shallow water.
Moving in this stuff is going to be slow.
The thorn hunter gestures.
Thorny briars emerge from the ground!
The thorn hunter gestures.
Thorny briars emerge from the ground!
The thorn hunter fires a volley of thorns at you.
The volley of thorns hits you!!
The thorn hunter fires a volley of thorns at you.
The volley of thorns misses you.
The thorn hunter fires a volley of thorns at you.
The volley of thorns hits you!!
You fail to use your ability.
The thorn hunter fires a volley of thorns at you.
The volley of thorns hits you!!
* * * LOW HITPOINT WARNING * * *
The thorn hunter fires a volley of thorns at you.
The volley of thorns hits you!!!
You die...

♣♣♣♣ ♣♣♣♣
♣♣♣♣♣♣♣.≈♣♣♣♣♣♣♣≈≈♣♣♣♣♣♣♣♣♣
♣♣≈≈≈♣♣.≈≈..♣♣."≈≈≈.♣♣.!♣..♣
♣♣♣♣.≈≈≈♣♣P≈P.@..≈.≈≈≈≈≈♣≈.[≈..
♣♣..≈....♣♣PPP...≈≈..≈≈≈.♣♣≈.§)≈
♣♣.≈≈≈.≈≈.≈♣fPP≈...≈.....≈≈...§≈≈
..≈≈≈..<...§≈PP≈≈...♣♣...[≈≈..≈≈[
.<≈≈≈≈≈...≈≈≈PP≈≈≈.♣♣♣.≈≈≈≈≈≈≈≈≈≈
...≈≈≈≈≈≈≈≈§≈≈≈≈...♣♣♣.≈≈≈≈≈≈≈.≈≈
.....≈≈≈≈≈≈≈≈≈≈...≈≈♣♣.§≈≈≈≈≈≈...
♣..♣≈.≈≈≈≈≈≈≈≈≈≈≈..≈♣♣♣.≈..≈≈.(≈≈
♣♣ ♣..≈≈≈≈..≈≈§≈..≈..♣♣.≈≈≈≈≈≈.≈≈


You could see a thorn hunter.

Vanquished Creatures
  Kirke (Swamp:1)
  An orc warlord (Orc:2)
  A stone giant (Orc:2)
  Nessos (D:15)
  6 bunyips
  3 eleionomae
  2 boulder beetles
  Erica (Orc:1)
  5 centaur warriors
  An anaconda (Lair:6)
  3 catoblepae
  13 hydras
  8 alligators
  A ghost crab (Swamp:2)
  A death knight (D:15)
  14 two-headed ogres
  A deep troll shaman (Lair:6)
  21 death yaks
  A queen ant (D:10)
  An ogre mage (D:14)
  2 orc high priests
  A fire crab (Lair:6)
  2 unseen horrors (D:13)
  4 goliath frogs
  A lindwurm (Lair:6)
  2 swamp dragons (Swamp:1)
  A deep elf archer (D:14)
  Pikel (D:4)
  6 bog bodies
  A phantasmal warrior (D:15)
  3 orc knights
  6 deep elf magi
  4 cyclopes
  4 will-o-the-wisps
  8 elephants (Lair:6)
  2 ugly things
  Psyche (D:8)
  A torpor snail (Lair:6)
  13 cane toads
  A centaur skeleton (D:14)
  5 black mambas
  A redback zombie (D:14)
  2 rime drakes
  A kobold demonologist (D:13)
  3 yaktaurs (D:14)
  2 freezing wraiths (D:15)
  9 komodo dragons
  An efreet (D:13)
  3 meliai (D:12)
  A queen bee (D:12)
  A bloated husk (Swamp:1)
  9 trolls
  9 hornets
  2 polar bears (Lair:6)
  13 blink frogs
  7 tyrant leeches
  7 dream sheep (Lair:3)
  17 slime creatures
  6 spriggans
  3 vampires
  A hog (shapeshifter) (D:15)
  9 wyverns
  2 shadows
  77 yaks
  A steam dragon (D:11)
  3 wraiths
  14 vampire mosquitoes
  2 basilisks
  Menkaure (D:7)
  3 nagas (Lair:3)
  3 wargs
  16 swamp worms
  12 soldier ants (D:10)
  An acid dragon (D:11)
  21 water moccasins
  Duvessa (D:5)
  2 black bears
  3 swamp drakes (Swamp:2)
  2 ice beasts (D:11)
  37 orc warriors
  4 sky beasts
  5 phantoms
  3 necrophages
  A boggart (D:14)
  3 eyes of draining
  22 ogres
  A boggart (shapeshifter) (D:14)
  12 wolves
  20 centaurs
  3 big kobolds
  Blork the orc (D:5)
  A gnoll sergeant (D:11)
  34 bullfrogs
  Dowan (D:5)
  4 scorpions
  A wyvern skeleton (D:15)
  24 killer bees
  24 wights
  3 electric eels (Lair:4)
  4 howler monkeys
  4 centaur zombies
  3 quasits (D:11)
  2 jellies
  4 bullfrog skeletons
  6 hounds
  Crazy Yiuf (D:4)
  29 orc priests
  4 iguanas
  Jessica (D:2)
  29 orc wizards
  28 worker ants
  3 hound skeletons
  A worker ant zombie (D:6)
  14 gnolls
  A howler monkey skeleton (D:9)
  16 adders
  3 shadow imps
  2 white imps
  4 ufetubi
  An ooze (D:2)
  An adder zombie (D:5)
  4 worms
  A dart slug (D:1)
  7 leopard geckos
  112 orcs
  5 bats
  3 giant cockroaches
  12 goblins
  6 hobgoblins
  9 jackals
  16 kobolds
  10 quokkas
  4 frilled lizards
  A quokka zombie (D:9)
  9 rats
  A lurking horror (D:9)
  A pillar of salt (Swamp:3)
992 creatures vanquished.

Vanquished Creatures (others)
  A bloated husk (Swamp:1)
  3 humans (Swamp:1)
  An orc warrior (Orc:1)
  A rat (D:1)
  A bush (Lair:6)
  6 foxfires
  53 fungi
  66 plants
  5 toadstools (D:1)
137 creatures vanquished.

Grand Total: 1129 creatures vanquished

Notes
Turn   | Place    | Note
-------+----------+-------------------------------------------
     0 | D:1      | raph the Deep Elf Earth Elementalist began the quest for
                  | the Orb.
     0 | D:1      | Reached XP level 1. HP: 10/10 MP: 6/6
   255 | D:1      | Reached XP level 2. HP: 15/15 MP: 6/8
   294 | D:1      | Reached skill level 4 in Earth Magic
   330 | D:1      | Learned a level 2 spell: Passwall
  1513 | D:1      | Reached XP level 3. HP: 19/19 MP: 7/9
  1966 | D:1      | Learned a level 3 spell: Stone Arrow
  2128 | D:1      | Reached skill level 5 in Earth Magic
  3069 | D:2      | Reached XP level 4. HP: 8/24 MP: 0/10
  3254 | D:2      | Noticed Jessica
  3366 | D:2      | Killed Jessica
  4403 | D:3      | Reached skill level 6 in Earth Magic
  4723 | D:3      | Reached XP level 5. HP: 22/28 MP: 11/11
  5208 | D:3      | Found a glowing golden altar of the Shining One.
  5883 | D:4      | Found Jemoroas's Gadget Emporium.
  5913 | D:4      | Bought a wand of iceblast (12) for 208 gold pieces
  5946 | D:4      | Found an ornate altar of the Wu Jian Council.
  6097 | D:4      | Reached skill level 1 in Conjurations
  6097 | D:4      | Reached skill level 7 in Earth Magic
  6436 | D:4      | Found Inuocud's Antique Armour Shoppe.
  6629 | D:4      | Reached XP level 6. HP: 32/32 MP: 9/12
  6635 | D:4      | Learned a level 5 spell: Lee's Rapid Deconstruction
  6716 | D:4      | Found a runed translucent door.
  6717 | D:4      | Noticed Crazy Yiuf
  6825 | D:4      | Killed Crazy Yiuf
  7474 | D:4      | Noticed Pikel
  7483 | D:4      | Killed Pikel
  7484 | D:4      | Reached skill level 8 in Earth Magic
  7484 | D:4      | Reached XP level 7. HP: 20/36 MP: 2/13
  7629 | D:5      | Entered Level 5 of the Dungeon
  8256 | D:5      | Noticed Blork the orc
  8266 | D:5      | Killed Blork the orc
  8267 | D:5      | Reached skill level 9 in Earth Magic
  8267 | D:5      | Reached XP level 8. HP: 31/41 MP: 1/14
  8771 | D:5      | Noticed Duvessa
  8775 | D:5      | Noticed Dowan
  8788 | D:5      | Killed Duvessa
  8789 | D:5      | Reached skill level 10 in Earth Magic
  9527 | D:6      | Found a glowing silver altar of Zin.
  9628 | D:5      | Killed Dowan
  9736 | D:6      | Reached skill level 11 in Earth Magic
  9908 | D:6      | Became a worshipper of Zin the Law-Giver
  9908 | D:6      | Reached * piety under Zin
  9919 | D:6      | Donated 95 gold pieces to Zin
 10139 | D:6      | Reached XP level 9. HP: 45/45 MP: 0/15
 10751 | D:7      | Reached skill level 1 in Invocations
 10872 | D:7      | Noticed Menkaure
 10877 | D:7      | Killed Menkaure
 10878 | D:7      | Reached skill level 1 in Fighting
 10878 | D:7      | Reached skill level 1 in Short Blades
 11361 | D:7      | Reached ** piety under Zin
 11363 | D:7      | Found a staircase to the Ecumenical Temple.
 11419 | D:7      | Found a sacrificial altar of Ru.
 12103 | D:7      | Found a shimmering altar of Xom.
 12104 | D:7      | Found a stormy altar of Qazlal.
 13386 | D:8      | Reached skill level 5 in Stealth
 14034 | D:8      | Noticed a two-headed ogre
 14035 | D:8      | Found Colued's Book Boutique.
 14041 | D:8      | Killed a two-headed ogre
 14042 | D:8      | Reached skill level 5 in Dodging
 14042 | D:8      | Reached XP level 10. HP: 40/56 MP: 2/16
 14258 | D:8      | Noticed Psyche
 14376 | D:8      | Killed Psyche
 15171 | D:9      | Noticed a two-headed ogre
 15307 | D:9      | Reached *** piety under Zin
 15470 | D:9      | Reached skill level 5 in Invocations
 15578 | D:9      | Found a snail-covered altar of Cheibriados.
 15596 | D:9      | Killed a two-headed ogre
 15597 | D:9      | Reached skill level 5 in Short Blades
 15960 | D:9      | Found a corrupted altar of Lugonu.
 16037 | D:9      | Found a one-way gate to the infinite horrors of the Abyss.
 16396 | D:9      | Found a staircase to the Orcish Mines.
 17124 | D:10     | Entered Level 10 of the Dungeon
 17220 | D:10     | Found a portal to a secret trove of treasure.
 17248 | D:10     | Reached XP level 11. HP: 62/62 MP: 1/17
 17544 | D:10     | Reached **** piety under Zin
 17833 | D:10     | Learned a level 3 spell: Dazzling Flash
 18156 | D:10     | Found a staircase to the Lair.
 18563 | D:10     | Noticed a queen ant
 18806 | D:10     | Noticed a two-headed ogre
 18811 | D:10     | Killed a two-headed ogre
 18812 | D:10     | Reached skill level 1 in Hexes
 19091 | D:10     | Reached skill level 1 in Armour
 20024 | D:10     | Killed a queen ant
 20419 | Lair:1   | Entered Level 1 of the Lair of Beasts
 20422 | Lair:1   | Reached skill level 5 in Fighting
 20434 | D:10     | Reached skill level 5 in Spellcasting
 20851 | D:11     | Noticed a boulder beetle
 20981 | D:11     | Noticed a purple ugly thing
 21017 | D:10     | Killed a purple ugly thing
 21540 | D:11     | Noticed a two-headed ogre
 21730 | D:10     | Reached XP level 12. HP: 36/68 MP: 3/22
 23018 | Lair:2   | Reached skill level 5 in Hexes
 23171 | Lair:2   | Learned a level 5 spell: Metabolic Englaciation
 23504 | Lair:2   | Found the +8 whip "Snakebite" {curare, rPois}
 23708 | Lair:2   | Reached skill level 1 in Ice Magic
 23896 | Lair:2   | Noticed a six-headed hydra
 24237 | D:8      | Bought a book of Frost for 455 gold pieces
 24342 | D:8      | Learned a level 3 spell: Frozen Ramparts
 24453 | Lair:2   | Killed a six-headed hydra
 25227 | Lair:2   | Learned a level 3 spell: Ozocubu's Armour
 26119 | Lair:3   | Found a staircase to the Snake Pit.
 26127 | Lair:3   | Reached XP level 13. HP: 74/74 MP: 13/26
 27520 | Lair:4   | Reached skill level 5 in Ice Magic
 27568 | Lair:4   | Found a runed translucent gate.
 27568 | Lair:4   | Found a runed translucent gate.
 27568 | Lair:4   | Found a runed translucent gate.
 27572 | Lair:4   | Noticed Laummuim's ghost (journeyman FeFi)
 27871 | Lair:4   | Found a staircase to the Swamp.
 30310 | Lair:5   | Found a staircase to the Slime Pits.
 30384 | Lair:5   | Reached skill level 10 in Dodging
 30901 | Lair:5   | Reached ***** piety under Zin
 31360 | Orc:1    | Entered Level 1 of the Orcish Mines
 31625 | D:9      | Reached skill level 5 in Armour
 32141 | Orc:2    | Entered Level 2 of the Orcish Mines
 32587 | Orc:1    | Learned a level 3 spell: Tukima's Dance
 33213 | Orc:2    | Found a roughly hewn altar of Beogh.
 33256 | Orc:2    | Found Qioherul's Gadget Shoppe.
 33401 | Orc:2    | Found a staircase to the Elven Halls.
 33403 | Orc:2    | Found a roughly hewn altar of Beogh.
 33875 | Orc:2    | Reached XP level 14. HP: 48/79 MP: 1/28
 34064 | Orc:2    | Found a roughly hewn altar of Beogh.
 34064 | Orc:2    | Found Roakiade's Magic Scroll Boutique.
 34520 | Orc:2    | Noticed an orc warlord
 34537 | Orc:2    | Killed an orc warlord
 34822 | Orc:2    | Found a roughly hewn altar of Beogh.
 34950 | Orc:2    | Found a roughly hewn altar of Beogh.
 34969 | Orc:2    | Found a roughly hewn altar of Beogh.
 35141 | Orc:2    | Found Fiaqargh's Antique Armour Boutique.
 35204 | Orc:2    | Found a roughly hewn altar of Beogh.
 35207 | Orc:2    | Found Imal's Antique Weapon Shop.
 35218 | Orc:2    | Bought an embroidered cloak for 180 gold pieces
 35218 | Orc:2    | Bought an embroidered hat for 168 gold pieces
 35298 | Orc:2    | Bought a scroll of enchant armour for 120 gold pieces
 35298 | Orc:2    | Bought a scroll of enchant armour for 120 gold pieces
 35377 | Orc:1    | Noticed a stone giant
 35686 | Orc:2    | Killed a stone giant
 35927 | Orc:1    | Noticed Erica
 35930 | Orc:1    | Killed Erica
 36023 | D:9      | Reached ****** piety under Zin
 37555 | Orc:2    | Bought a pair of gloves for 108 gold pieces
 38219 | D:12     | Reached skill level 10 in Ice Magic
 39376 | D:12     | Reached skill level 10 in Short Blades
 39414 | D:12     | Found a shimmering blue altar of Sif Muna.
 42117 | D:14     | Reached XP level 15. HP: 84/84 MP: 23/29
 42637 | D:14     | Found an ornate altar of the Wu Jian Council.
 42755 | D:14     | Found a snail-covered altar of Cheibriados.
 42779 | D:14     | Found Xifev's Assorted Antiques.
 42787 | D:14     | Bought a potion of heal wounds for 120 gold pieces
 42787 | D:14     | Bought a shiny buckler for 180 gold pieces
 42954 | D:14     | Reached skill level 12 in Earth Magic
 43282 | D:14     | Found a gate to the Vaults.
 43617 | D:15     | Entered Level 15 of the Dungeon
 43894 | D:15     | Reached skill level 10 in Spellcasting
 44132 | D:15     | Learned a level 6 spell: Iron Shot
 44894 | D:15     | Noticed Nessos
 44902 | D:15     | Killed Nessos
 45217 | D:15     | Found a staircase to the Depths.
 45217 | D:15     | Noticed a frost giant
 45536 | Lair:6   | Entered Level 6 of the Lair of Beasts
 45761 | Lair:6   | Reached skill level 5 in Conjurations
 46592 | Lair:6   | Reached skill level 13 in Earth Magic
 48227 | Lair:6   | Reached XP level 16. HP: 88/88 MP: 14/32
 49963 | Lair:6   | Got a pair of faintly humming gloves
 49974 | Lair:6   | Identified the +2 pair of gloves of Iloall Gikui {Dex+6}
                  | (You found it on level 6 of the Lair of Beasts)
 51071 | Swamp:1  | Entered Level 1 of the Swamp
 51358 | Swamp:1  | Noticed Kirke
 51380 | Swamp:1  | Killed Kirke
 51381 | Swamp:1  | Reached skill level 14 in Earth Magic
 52628 | Swamp:1  | Learned a level 2 spell: Blink
 53021 | Swamp:2  | Reached skill level 1 in Translocations
 54518 | Swamp:2  | Reached skill level 10 in Conjurations
 55890 | Swamp:3  | Reached skill level 15 in Earth Magic
 56117 | Swamp:3  | Identified the Tome of Flames and Confrontation
 56137 | Swamp:3  | Noticed a thorn hunter
 56168 | Swamp:3  | HP: 1/88 [thorn hunter/volley of thorns (28)]
 56286 | Swamp:3  | Killed from afar by a thorn hunter

Illustrated notes

Levels and vault maps discovered:
D:1:      dpeg_arrival_erosion, layout_loops_corners, minmay_gold_behind_fungi,
          lemuel_old_faithful
D:2:      layout_basic, hex_medium, uniq_jessica
D:3:      layout_loops_cross, nicolae_tso_swordbearing_angel,
          minmay_misc_feat_alley, chequers_serial_rivers_marsh
D:4:      layout_loops_cross, nicolae_overflow_hidden_temple, serial_shops,
          shop_statue, shop_statue, uniq_pikel, uniq_crazy_yiuf_cottage
D:5:      cheibrodos_quashed, layout_rooms, minmay_fountain_box, dk_vineyard_2,
          minivault_23, uniq_duvessa, uniq_blork_the_orc
D:6:      layout_rooms, old_standard_altar
D:7:      layout_cave_pools, gammafunk_temple_overflow_wave,
          minmay_temple_entry_waves, nicolae_ru_awakened_eye, uniq_menkaure
D:8:      layout_cave_pods, serial_shops, shop, uniq_psyche
D:9:      layout_long_grid, lemuel_crystal_altar, orc_david_3,
          amcnicky_altar_lugonu_corruption
D:10:     layout_gridville, lair_entry_dummy, nicolae_trove_entry_crossroad,
          minmay_another_anthill
D:11:     layout_roguey, enter_bailey_5
D:12:     layout_loops_corners, basic_altar, special_room [special_room_bee]
D:13:     layout_rooms
D:14:     layout_roguey, hangedman_vaults_entry_quadrant_bands,
          cheibriados_altar_1, serial_shops, shop, minivault_10,
          minmay_ruined_shrine
D:15:     grunt_enter_depths_snipers, layout_loops_ring, nrook_campfire,
          uniq_nessos
Lair:1:   layout_misc_corridors, lemuel_fruit_fields
Lair:2:   minmay_guarded_unrand_snakebite, layout_hall_layers
Lair:3:   layout_cave_pods, minmay_snake_entry_guardpost_small,
          beast_lair_carwin_6
Lair:4:   layout_gridlike, nicolae_swamp_entry_splash_gauntlet,
          ebering_ghost_rock_garden, serial_bayou_pond_e, grunt_megastairs_3,
          infiniplex_staircase_pool
Lair:5:   layout_small_grid, slime_dummy, chequers_serial_rivers_room_a
Lair:6:   grunt_lair_end_beastmaster, layout_regular_city, lemuel_fruit_fields,
          minmay_lair_oklob_chamber
Swamp:1:  layout_falls_marsh, nicolae_swamp_round_clearing, uniq_kirke
Swamp:2:  layout_basic_swamp, evilmike_swamp_ruin_house_6, swamp_pool5
Swamp:3:  layout_basic_swamp, hangedman_swamp_ruin_wall
Orc:1:    layout_caves, uniq_erica
Orc:2:    grunt_orc_community_town_hall, layout_caves,
          grunt_orc_community_big_house_1, grunt_orc_community_big_house_1,
          grunt_orc_community_house_3, grunt_orc_community_house_2,
          grunt_orc_community_house_1, grunt_orc_community_house_3,
          grunt_orc_community_house_3, grunt_orc_community_house_1

Skill      XL: |  1  2  3  4  5  6  7  8  9 10 11 12 13 14 15 16 |
---------------+-------------------------------------------------+-----
Earth Magic    | 4 5 6 7 8 9 11 13 15 | 15.0
Conjurations   | 1 6 10 | 10.3
Shields        | 3 4 |  4.0
Invocations    | 4 5 7 8 9 |  9.0
Fighting       | 3 4 5 |  5.8
Short Blades   | 3 5 6 7 9 10 12 | 12.0
Dodging        | 5 6 8 9 10 | 10.0
Stealth        | 5 7 8 9 |  9.6
Spellcasting   | 5 7 8 10 11 | 11.4
Hexes          | 4 6 |  6.4
Armour         | 2 3 5 7 |  7.4
Ice Magic      | 3 8 11 12 | 12.3
Translocations | 3 |  3.1
Transmutations | |  1.1

Action                   |  1- 3 |  4- 6 |  7- 9 | 10-12 | 13-15 | 16-18 || total
-------------------------+-------+-------+-------+-------+-------+-------++-------
Melee: Dagger            |   124 |    21 |     1 |       |       |       ||   146
       Quarterstaff      |       |    49 |       |       |       |       ||    49
       Short sword       |       |    11 |    27 |   169 |   669 |   161 ||  1037
       Staff             |       |       |       |       |       |    11 ||    11
 Cast: Sandblast         |    36 |    33 |    35 |   135 |   112 |    79 ||   430
       Stone Arrow       |     6 |    22 |    80 |   175 |   296 |    18 ||   597
       Passwall          |       |     3 |       |     1 |     3 |     6 ||    13
       Lee's Rapid Decon |       |       |    40 |   101 |   185 |    13 ||   339
       Frozen Ramparts   |       |       |       |     6 |    63 |    19 ||    88
       Metabolic Englaci |       |       |       |     1 |    60 |    25 ||    86
       Ozocubu's Armour  |       |       |       |       |    22 |     4 ||    26
       Tukima's Dance    |       |       |       |       |     7 |     1 ||     8
       Dazzling Flash    |       |       |       |       |     1 |       ||     1
       Iron Shot         |       |       |       |       |       |    92 ||    92
Invok: Donate Gold       |       |       |     1 |       |       |       ||     1
       Recite            |       |       |     1 |     8 |    38 |     3 ||    50
       Vitalisation      |       |       |       |     3 |     5 |     1 ||     9
Evoke: Wand              |       |       |     3 |       |     7 |     2 ||    12
       Lightning rod     |       |       |       |       |     3 |     1 ||     4
  Use: Scroll            |       |    17 |     9 |     9 |    11 |     4 ||    50
       Potion            |       |     2 |       |     1 |     7 |     3 ||    13
 Stab: Sleeping          |     3 |     4 |     3 |     3 |    25 |     1 ||    39
       Distracted        |       |       |       |     2 |       |       ||     2
       Confused          |       |       |       |     1 |     3 |       ||     4
       Invisible         |       |       |       |       |     5 |       ||     5
       Paralysed         |       |       |       |       |     3 |       ||     3
Armor: Robe              |    16 |    12 |    14 |    31 |    35 |       ||   108
       Acid dragon scale |       |       |       |       |    94 |    83 ||   177
Dodge: Dodged            |    94 |    68 |    49 |   239 |   523 |   190 ||  1163
Block: Buckler           |       |     2 |    28 |    73 |   171 |    81 ||   355
